cohdb
Replays
Latest Replays
All Replays
Popular Replays
Top Player Replays
Match Explorer
How It Works
Community
CoH3 Stats
Reddit
Sign in to upload your games and track your stats! →
Sign in with Steam
Match 40764899
Unlisted
Match 40764899
Overview
Messages
Build Orders
End
Kradschützen Motorcycle Team
Panzerpioneer Squad
250 Light Carrier
Panzerpioneer Squad
Construct Light Support Kompanie
Combat Half-tracks
Fire Support Elements
MG34 Team
Selects Panzerjäger Kommand Battlegroup
Selects Tank Busters
Selects Mine Fields
Panzerjäger Squad
Panzerjäger Mechanized Group
Veteran Squad Leaders
Panzerjäger Squad
Selects Defensive Positions
Panzerjäger Squad
Construct Panzerarmee Kommand
Panzerjäger Mechanized Group
Walking Stuka Rocket Launcher
Flak 36 Anti-tank Gun Team
Panzerjäger Squad
JJB34
Valdai
Billy
Sailor
Kamooos
moemoe
LaoY、doushigou
《第二十一条军规》
0
0
Comments
sign in to comment!
No comments posted yet!